 Dungeon Crawl Stone Soup version 0.29.1-15-g9cfb28693d (webtiles) character file.

Game seed: 11003160140031465464

423 javelincjr the Caller (level 6, -4/44 HPs)
             Began as a Gnoll Summoner on Apr 18, 2023.
             Was an Initiate of Sif Muna.
             Slain by an iguana (8 damage)
             ... on level 4 of the Dungeon.
             The game lasted 00:17:14 (4963 turns).

javelincjr the Caller (Gnoll Summoner)              Turns: 4963, Time: 00:17:15

Health: -4/44      AC:  2    Str: 10    XL:     6   Next: 95%
Magic:  0/14       EV: 13    Int: 14    God:    Sif Muna [......]
Gold:   190        SH:  0    Dex: 12    Spells: 3/16 levels left

rFire   + . .      SeeInvis .   i - +0 arbalest
rCold   + . .      Faith    .   (shield currently unavailable)
rNeg    . . .      Spirit   +   r - +0 robe {rC+ rF+}
rPois   +          Reflect  .   (no helmet)
rElec   .          Harm     .   (no cloak)
rCorr   .          Rampage  .   (no gloves)
Will    +....                   (no boots)
Stlth   +++.......              j - amulet of guardian spirit
HPRegen 0.14/turn               e - ring of willpower
MPRegen 0.14/turn               h - ring of poison resistance

@: no status effects
A: fangs 1, strong nose, distributed training
a: Renounce Religion


You were on level 4 of the Dungeon.
You worshipped Sif Muna.
Sif Muna was noncommittal.
You visited 1 branch of the dungeon, and saw 5 of its levels.

You collected 190 gold pieces.

Inventory:

Hand Weapons
 i - a +0 arbalest (weapon)
Missiles
 v - 4 atropa-tipped darts
Armour
 a - a +0 robe
 r - a +0 robe of resistance (worn)
Jewellery
 e - a ring of willpower (left hand)
 h - a ring of poison resistance (right hand)
 j - an amulet of guardian spirit (around neck)
Scrolls
 g - 4 scrolls of identify {unknown}
 k - 2 scrolls of teleportation {unknown}
 m - a scroll of enchant armour {unknown}
 o - 2 scrolls of brand weapon {unknown}
 p - a scroll of noise {unknown}
 q - a scroll of amnesia {unknown}
 s - a scroll of immolation {unknown}
 t - 2 scrolls of poison {unknown}
 u - a scroll of acquirement {unknown}
Potions
 b - a potion of magic
 c - 2 potions of haste {unknown}
 d - 2 potions of mutation {unknown}
 l - a potion of invisibility {unknown}
 n - a potion of heal wounds {unknown}


   Skills:
 + Level 2.2 Fighting
 + Level 2.2 Short Blades
 + Level 2.2 Long Blades
 + Level 2.2 Axes
 + Level 2.2 Maces & Flails
 + Level 2.2 Polearms
 + Level 2.2 Staves
 + Level 2.2 Ranged Weapons
 + Level 2.2 Throwing
 + Level 2.2 Armour
 + Level 5.1 Dodging
 + Level 4.8 Stealth
 + Level 2.2 Shields
 + Level 2.2 Unarmed Combat
 + Level 5.5 Spellcasting
 + Level 1.8 Conjurations
 + Level 1.8 Hexes
 + Level 7.3 Summonings
 + Level 1.8 Necromancy
 + Level 1.8 Translocations
 + Level 1.8 Transmutations
 + Level 1.8 Fire Magic
 + Level 1.8 Ice Magic
 + Level 1.8 Air Magic
 + Level 1.8 Earth Magic
 + Level 1.8 Poison Magic
 + Level 2.5 Invocations
 + Level 2.2 Evocations


You had 3 spell levels left.
You knew the following spells:

 Your Spells              Type           Power      Damage    Failure   Level
a - Summon Small Mammal   Summ           96%        N/A       1%          1
b - Call Canine Familiar  Summ           24%        N/A       2%          3
c - Call Imp              Summ           24%        N/A       1%          2
d - Summon Guardian Gole  Hex/Summ       16%        N/A       8%          3
e - Summon Lightning Spi  Summ/Air       16%        N/A       24%         4

Your spell library contained the following spells:

 Spells                   Type           Power      Damage    Failure   Level


Dungeon Overview and Level Annotations

Branches:
Dungeon (5/15)
 Temple: D:4-7

Altars:
Dithmenos
Hepliaklqana
Nemelex Xobeh
Sif Muna
Xom

Shops:
D:1 (


Innate Abilities, Weirdness & Mutations

You have very sharp teeth.
Your uncanny sense of smell can sniff out nearby items.
Your experience applies equally to all skills.


Message History

Your crimson imp hits the orc but does no damage.
The orc hits you with a +0 trident. The white imp hits your crimson imp.
The white imp freezes your crimson imp.
Your crimson imp is frozen!
Something hits your crimson imp but does no damage.
Fire: i) +0 arbalest
Press: ? - help, Q - select action, (/) - cycle Shift-Dir - straight line, f/p - orc
Aim: an orc, wielding a +0 trident and wearing a +0 leather armour (almost dead, ally target, 52% to hit)
You shoot a bolt. The bolt hits the orc!
You kill the orc!
Sif Muna accepts your kill.
Your hound bites the iguana.
Your hound barely misses the iguana.
The white imp hits your crimson imp.
Your crimson imp dies!
Your crimson imp disappears in a puff of smoke!
The iguana misses you.
Your hound closely misses the iguana.
The iguana bites you!
* * * LOW HITPOINT WARNING * * *
An orc comes into view. It is wielding a +0 flail.
The iguana attacks as you move away! The iguana closely misses you.
Your hound bites the iguana but does no damage.
The orc hits you but does no damage.
Your hound barely misses the iguana.
There is a stone staircase leading up here.
Things that are here:
a +0 trident; a +0 leather armour Your hound bites the iguana.
The orc barely misses you. The iguana barely misses you.
You climb upwards.
Your summoned ally is left behind.
There is a stone staircase leading down here.
Casting: Call Imp (safe; 1% risk of failure)
Confirm with . or Enter, or press ? or * to list all spells.
You don't have enough magic to cast this spell.
Fire: i) +0 arbalest
Press: ? - help, Q - select action, (/) - cycle Shift-Dir - straight line, f - iguana
Aim: an iguana (almost dead, 56% to hit)
You shoot a bolt. The bolt barely misses the iguana.
The orc hits you with a +0 flail.
* * * LOW HITPOINT WARNING * * *
The iguana bites you!
You die...

# #...#####.....#.....##.#......
######.#......#......#.#<#####
##.....#.....#.....##.#.#####
####......#......#.###)#h.......
#.#.#.....#.....###.....##.#####
#.#.#......#.###.#......##.#
#.#.#.....###.....#....)##.#
##..)#.###.#......#......#.###
#...##.....#..@..#.....##...#
##...#......#..lo..#)###)###.#
#.#.#.#.....#.....###.....#..#
#.#.#.#......#.###.#......#..#
##.#.#.#.....###.....#.....#..#
#..h#...#.###.#......#......#.#
#...#...##.....#.....#.....##.#
#...#...#......#......#.###.#.#
.#.#.#.#.#.....#.....###...#..#


You could see an iguana and an orc.

Vanquished Creatures
  A phantom (D:4)
  Blork the orc (D:4)
  An orc wizard (D:4)
  3 adders
  A worm (D:3)
  3 orcs
  3 bats
  3 giant cockroaches
  2 hobgoblins
  3 quokkas (D:2)
  4 ball pythons
  2 frilled lizards
  5 goblins
  2 kobolds (D:2)
34 creatures vanquished.

Vanquished Creatures (collateral kills)
  A scorpion (D:4)
  A hound (D:4)
  2 orc wizards
  An adder (D:4)
  3 ufetubi (D:4)
  2 dart slugs (D:1)
  4 orcs
  4 ball pythons
  3 endoplasms (D:1)
  2 giant cockroaches (D:1)
  2 goblins
  A hobgoblin (D:1)
  4 jackals (D:2)
  3 quokkas (D:1)
  5 frilled lizards (D:1)
  2 kobolds (D:1)
  3 rats (D:1)
43 creatures vanquished.

Grand Total: 77 creatures vanquished

Notes
Turn   | Place    | Note
-------+----------+-------------------------------------------
     0 | D:1      | javelincjr the Gnoll Summoner began the quest for the Orb.
     0 | D:1      | Reached XP level 1. HP: 13/13 MP: 6/6
   139 | D:1      | Reached XP level 2. HP: 18/19 MP: 2/7
   974 | D:1      | Found Maas's Antique Weapon Emporium.
  1163 | D:1      | Reached skill level 5 in Spellcasting
  1163 | D:1      | Reached XP level 3. HP: 18/25 MP: 5/9
  1691 | D:2      | Found a faded altar of an unknown god.
  1707 | D:2      | Reached skill level 1 in Invocations
  1709 | D:2      | Prayed at the altar of an unknown god.
  1709 | D:2      | Became a worshipper of Dithmenos the Shadowed
  1709 | D:2      | Reached * piety under Dithmenos
  2012 | D:2      | Reached skill level 1 in Fighting
  2012 | D:2      | Reached skill level 1 in Short Blades
  2012 | D:2      | Reached skill level 1 in Long Blades
  2012 | D:2      | Reached skill level 1 in Axes
  2012 | D:2      | Reached skill level 1 in Maces & Flails
  2012 | D:2      | Reached skill level 1 in Polearms
  2012 | D:2      | Reached skill level 1 in Staves
  2012 | D:2      | Reached skill level 1 in Ranged Weapons
  2012 | D:2      | Reached skill level 1 in Throwing
  2012 | D:2      | Reached skill level 1 in Armour
  2012 | D:2      | Reached skill level 1 in Shields
  2012 | D:2      | Reached skill level 1 in Unarmed Combat
  2012 | D:2      | Reached skill level 1 in Evocations
  2012 | D:2      | Learned a level 3 spell: Call Canine Familiar
  2031 | D:2      | Learned a level 2 spell: Call Imp
  2159 | D:2      | Reached XP level 4. HP: 21/32 MP: 11/11
  2668 | D:3      | Found a sparkling altar of Nemelex Xobeh.
  2678 | D:3      | Reached ** piety under Dithmenos
  2795 | D:3      | Reached skill level 1 in Conjurations
  2795 | D:3      | Reached skill level 1 in Hexes
  2795 | D:3      | Reached skill level 1 in Necromancy
  2795 | D:3      | Reached skill level 1 in Translocations
  2795 | D:3      | Reached skill level 1 in Transmutations
  2795 | D:3      | Reached skill level 1 in Fire Magic
  2795 | D:3      | Reached skill level 1 in Ice Magic
  2795 | D:3      | Reached skill level 1 in Air Magic
  2795 | D:3      | Reached skill level 1 in Earth Magic
  2795 | D:3      | Reached skill level 1 in Poison Magic
  3074 | D:3      | Reached XP level 5. HP: 37/37 MP: 12/12
  3261 | D:3      | Found a hazy altar of Hepliaklqana.
  3262 | D:3      | Found a shimmering altar of Xom.
  3263 | D:3      | Noticed a spectral ugly thing
  3695 | D:4      | Noticed Blork the orc
  3705 | D:4      | Killed Blork the orc
  3774 | D:4      | Found a shimmering blue altar of Sif Muna.
  3822 | D:4      | Fell from the grace of Dithmenos
  3822 | D:4      | Became a worshipper of Sif Muna the Loreminder
  3861 | D:4      | Reached skill level 5 in Dodging
  3861 | D:4      | Reached XP level 6. HP: 37/44 MP: 9/14
  3935 | D:4      | Noticed a wraith
  3935 | D:4      | Noticed an acid dragon
  3935 | D:4      | Noticed an orc warrior
  4934 | D:5      | Entered Level 5 of the Dungeon
  4950 | D:5      | Learned a level 3 spell: Summon Guardian Golem
  4955 | D:5      | Learned a level 4 spell: Summon Lightning Spire
  4963 | D:4      | Slain by an iguana

Illustrated notes

Levels and vault maps discovered:
D:1:      lightli_arrival_chessboard, layout_loops_cross, serial_shops,
          nicolae_lakefront_shop
D:2:      layout_rooms, dreamdust_ecumenical_altar_statues,
          minmay_misc_feat_tiny, grunt_ministairs_11, supply_closet_lemuel,
          kennysheep_generic_room_15
D:3:      layout_basic, regret_index_temple_of_mockery,
          mainiacjoe_overflow_small_starburst
D:4:      nicolae_BIG_FREAKIN_CUBE, layout_basic, tgw_sif
D:5:      layout_loops_corners, lemuel_doored_altar, gup_ossuary_entry_pyramid,
          uniq_blork_the_orc

Skill      XL: |  1  2  3  4  5 |
---------------+----------------+-----
Spellcasting   | 5 |  5.5
Invocations    | 1 2 |  2.5
Fighting       | 1 2 |  2.2
Short Blades   | 1 2 |  2.2
Long Blades    | 1 2 |  2.2
Axes           | 1 2 |  2.2
Maces & Flails | 1 2 |  2.2
Polearms       | 1 2 |  2.2
Staves         | 1 2 |  2.2
Ranged Weapons | 1 2 |  2.2
Throwing       | 1 2 |  2.2
Armour         | 1 2 |  2.2
Shields        | 1 2 |  2.2
Unarmed Combat | 1 2 |  2.2
Evocations     | 1 2 |  2.2
Conjurations   | 1 |  1.8
Hexes          | 1 |  1.8
Necromancy     | 1 |  1.8
Translocations | 1 |  1.8
Transmutations | 1 |  1.8
Fire Magic     | 1 |  1.8
Ice Magic      | 1 |  1.8
Air Magic      | 1 |  1.8
Earth Magic    | 1 |  1.8
Poison Magic   | 1 |  1.8
Dodging        | 5 |  5.1
Stealth        | |  4.8
Summonings     | |  7.3

Action                   |  1- 3 |  4- 6 || total
-------------------------+-------+-------++-------
Melee: Unarmed           |    41 |       ||    41
       Bite              |     3 |       ||     3
       Arbalest          |       |     1 ||     1
 Fire: Arbalest          |    31 |    84 ||   115
 Cast: Summon Small Mamm |    53 |    20 ||    73
       Call Canine Famil |     1 |    15 ||    16
       Call Imp          |     1 |    12 ||    13
  Use: Scroll            |       |     1 ||     1
 Stab: Sleeping          |     1 |       ||     1
Armor: Robe              |     9 |    13 ||    22
Dodge: Dodged            |    62 |    90 ||   152
